 Dungeon Crawl Stone Soup version 0.23.2 (webtiles) character file.

Game seed: 783861929691480765

103 Fang the Skirmisher (level 4, -2/29 HPs)
             Began as a Gargoyle Berserker on Apr 8, 2019.
             Was a Believer of Trog.
             Slain by a worker ant (5 damage)
             ... on level 4 of the Dungeon.
             The game lasted 00:01:23 (1738 turns).

Fang the Skirmisher (Gargoyle Berserker)            Turns: 1738, Time: 00:01:23

Health: -2/29      AC:  5    Str: 22    XL:     4   Next: 79%
Magic:  4/4        EV: 12    Int:  7    God:    Trog [**....]
Gold:   139        SH:  0    Dex:  9    Spells: 3/3 levels left

rFire    . . .     SeeInvis .   a - +0 hand axe
rCold    . . .     Gourm    .   (no shield)
rNeg     + . .     Faith    .   b - +0 animal skin
rPois    ∞         Spirit   .   (no helmet)
rElec    +         Reflect  .   (no cloak)
rCorr    .         Harm     .   (no gloves)
MR       .....                  (no boots)
Stlth    +.........             (no amulet)
HPRegen  0.09/turn              (no ring)
MPRegen  0.09/turn              (no ring)

@: confused, berserk cooldown, slowed, very slow
A: negative energy resistance 1, electricity resistance, unbreathing,
petrification resistance, rot immunity, AC +3
a: Berserk, Trog's Hand, Renounce Religion


You were on level 4 of the Dungeon.
You worshipped Trog.
Trog was pleased with you.
You were near starving.

You visited 1 branch of the dungeon, and saw 3 of its levels.

You collected 139 gold pieces.

Inventory:

Hand Weapons
 a - a +0 hand axe (weapon)
Armour
 b - a +0 animal skin (worn)
Wands
 m - a wand of disintegration (23)
Scrolls
 e - 2 scrolls of identify {unknown}
 h - a scroll of magic mapping {unknown}
 j - a scroll of remove curse {unknown}
 k - 3 scrolls of enchant weapon {unknown}
 n - 2 scrolls of random uselessness {unknown}
Potions
 f - 2 potions of haste {unknown}
 g - a potion of curing {unknown}
 i - a potion of resistance {unknown}
 l - a potion of magic {unknown}
Comestibles
 c - 7 rations


   Skills:
 + Level 4.1 Fighting
 + Level 3.3 Axes
 + Level 3.2 Armour
 + Level 2.3 Dodging


You had 3 spell levels left.
You didn't know any spells.
Your spell library was empty.

Dungeon Overview and Level Annotations

Branches:
Dungeon (2/15)

Altars:

Shops:
D:4 =


Innate Abilities, Weirdness & Mutations

You are resistant to torment.
Your stone body is resilient. (AC +3)
You are immune to poison.
You resist negative energy. (rN+)
You are resistant to electric shocks. (rElec)
You can survive without breathing.
You are immune to petrification.
You are immune to rotting.


Message History

You feel less confused.
You hear some strange, mumbled words.
Something tries to affect you, but you resist.
You open the door.
A worker ant and a dart slug come into view.
The worker ant twitches its antennae in your direction.
You hear some strange, mumbled words.
A magic dart appears from out of thin air!
The magic dart hits you.
* * * LOW HITPOINT WARNING * * *
Something hits you but does no damage.
All of the chunks of flesh in your inventory have rotted away.
Found Bigiyx's Jewellery Emporium.
The worker ant barely misses you.
You hear some strange, mumbled words.
You are confused.
The worker ant bites you but does no damage.
There is an open door here.
You closely miss the worker ant. The worker ant bites you.
You die...

# #.#
#.#.####.########
#....%.)...<....#
###.##.....####.#
##...##
#.######### ##.##
#.......... #.#
#####.##### #.#
#.# # #@# #.# #
#.a.# #.# #
#.....# ##.#####
#.......#
##.......
#..∩..w...#
#...##.##
+.........+ #
#......
#.........#
+.##.##
##.......## #
#.## ##.##


You could see a worker ant and a dart slug.

Vanquished Creatures
  3 gnolls (D:2)
  3 oozes
  A dart slug (D:1)
  3 worms
  2 leopard geckos (D:1)
  2 orcs (D:4)
  A ball python (D:1)
  10 bats
  5 giant cockroaches
  2 goblins
  5 hobgoblins
  2 frilled lizards (D:2)
  4 kobolds (D:1)
  A leopard gecko skeleton (D:2)
  4 rats
48 creatures vanquished.

Notes
Turn   | Place    | Note
-------+----------+-------------------------------------------
     0 | D:1      | Fang the Gargoyle Berserker began the quest for the Orb.
     0 | D:1      | Reached XP level 1. HP: 14/14 MP: 1/1
   388 | D:1      | Reached XP level 2. HP: 17/19 MP: 2/2
   774 | D:1      | Reached XP level 3. HP: 20/23 MP: 3/3
   972 | D:2      | Reached ** piety under Trog
   978 | D:2      | Reached XP level 4. HP: 11/29 MP: 4/4
  1219 | D:2      | Reached skill level 4 in Fighting
  1346 | D:2      | You fall through a shaft for 2 floors!
  1736 | D:4      | Found Bigiyx's Jewellery Emporium.
  1738 | D:4      | Slain by a worker ant

Skill      XL: |  1  2  3  4 |
---------------+-------------+-----
Axes           | 3 |  3.3
Dodging        | 2 |  2.3
Armour         | 3 |  3.2
Fighting       | 4 |  4.1

Action                   |  1- 3 |  4- 6 || total
-------------------------+-------+-------++-------
Melee: Hand axe          |    77 |    61 ||   138
Invok: Berserk           |     1 |     1 ||     2
  Eat: Chunk             |       |     3 ||     3
Armor: Animal skin       |    47 |    22 ||    69
Dodge: Dodged            |    68 |    40 ||   108
